 Dungeon Crawl Stone Soup version 0.29.0-7-g18a832c13a (webtiles) character file.

Game seed: 11936563097369593719

31814 Acheron the Envoy of Void (level 13, -2/96 HPs)
             Began as a Demonspawn Abyssal Knight on Sept 1, 2022.
             Was a High Priest of Lugonu.
             Slain by a tyrant leech (12 damage)
             ... on level 3 of the Lair of Beasts.
             The game lasted 02:09:44 (18694 turns).

Acheron the Envoy of Void (DsAK)                   Turns: 18694, Time: 02:09:45

Health: -2/96      AC:  9    Str: 13    XL:     13   Next: 28%
Magic:  20/20      EV: 18    Int: 12    God:    Lugonu [*****.]
Gold:   831        SH: 11    Dex: 25    Spells: 12/22 levels left

rFire   + . .      SeeInvis .   v - +3 spear (vamp)
rCold   + . .      Faith    .   h - +0 kite shield
rNeg    + + .      Spirit   .   s - +2 leather armour {rC+}
rPois   +          Reflect  .   (no helmet)
rElec   .          Harm     .   o - +0 cloak
rCorr   .          Rampage  .   y - +0 pair of gloves
Will    +++..      Clarity  +   I - +0 pair of boots
Stlth   ++++......              E - amulet of the Four Winds {rN+ Will+++ Clar}
HPRegen 0.26/turn               L - ring of Maotopraja {rF+ rN+ Dex+6}
MPRegen 0.17/turn               O - ring of poison resistance

@: studying Poison Magic
A: repulsion field 1, demonic guardian 2, ignite blood 2, demonic touch 2
a: Renounce Religion, Depart the Abyss, Bend Space, Banish, Corrupt, Enter the
Abyss


You were on level 3 of the Lair of Beasts.
You worshipped Lugonu.
Lugonu was extremely pleased with you.
You visited 4 branches of the dungeon, and saw 15 of its levels.
You visited the Abyss 1 time.

You collected 831 gold pieces.

Inventory:

Hand Weapons
 v - a +3 vampiric spear (weapon)
 z - a +3 falchion
 B - a +3 morningstar
 D - a +3 hand axe
Missiles
 g - 8 boomerangs (quivered)
 p - 13 poisoned darts
 H - 4 curare-tipped darts
Armour
 h - a +0 kite shield (worn)
 i - a +2 ring mail of cold resistance
 o - a +0 cloak (worn)
 s - a +2 leather armour of cold resistance (worn)
 y - a +0 pair of gloves (worn)
 G - the +1 ring mail of Tartarus {Drain Dex+5 SInv}
   (You found it on level 8 of the Dungeon)

   Dex:       It affects your dexterity (+5).
   SInv:      It lets you see invisible.
   Drain:     It drains your maximum health when unequipped.
 I - a +0 pair of boots (worn)
Jewellery
 a - a ring of willpower
 e - a ring of flight
 f - a ring of magical power
 n - a ring of see invisible
 q - a +6 ring of strength
 A - a +6 ring of intelligence
 E - the amulet of the Four Winds (around neck) {rN+ Will+++ Clar}
   (You found it on level 4 of the Lair of Beasts)

   [amulet of nothing]

   rN:        It protects you from negative energy.
   Clar:      It protects you against confusion.
   Will:      It greatly increases your willpower.
 K - a ring of protection from cold
 L - the ring of Maotopraja (left hand) {rF+ rN+ Dex+6}
   (You found it on level 8 of the Dungeon)

   [ring of dexterity]

   Dex:       It affects your dexterity (+6).
   rF:        It protects you from fire.
   rN:        It protects you from negative energy.
 O - a ring of poison resistance (right hand)
 R - a ring of positive energy
Wands
 m - a wand of flame (47)
 x - a wand of charming (11)
 C - a wand of roots (13)
Scrolls
 r - a scroll of amnesia
 J - 2 scrolls of enchant armour
 P - a scroll of butterflies
 Q - a scroll of poison
Potions
 b - a potion of haste
 c - 8 potions of curing
 d - 3 potions of heal wounds
 j - 2 potions of brilliance {unknown}
 k - a potion of mutation
 l - a potion of resistance
 t - 3 potions of lignification
 u - 2 potions of flight
 w - a potion of magic {unknown}
 F - 2 potions of invisibility
 S - a potion of cancellation {unknown}
Miscellaneous
 M - a phial of floods
 N - a lightning rod (4/4)


   Skills:
 * Level 7.2 Fighting
 + Level 3.7(5.8) Axes
 * Level 6.9(7.4) Polearms
 * Level 5.6 Throwing
 * Level 6.2 Armour
 * Level 7.0 Dodging
 * Level 6.3 Stealth
 * Level 3.5 Shields
 * Level 5.2 Spellcasting
 + Level 3.1 Hexes
 * Level 3.5 Necromancy
 + Level 4.5 Translocations
 * Level 5.4 Ice Magic
 * Level 6.6 Poison Magic
 * Level 8.5 Invocations
 * Level 6.0 Evocations


You had 12 spell levels left.
You knew the following spells:

 Your Spells              Type           Power      Damage    Failure   Level
a - Ensorcelled Hibernat  Hex/Ice        26%        N/A       19%         2
b - Apportation           Tloc           28%        N/A       12%         1
c - Necrotise             Necr           44%        1d6       17%         1
d - Frozen Ramparts       Ice            32%        1d5       24%         3
e - Spider Form           Tmut/Pois      11%        N/A       50%         3

Your spell library contained the following spells:

 Spells                   Type           Power      Damage    Failure   Level
 Blink                    Tloc           28%        N/A       17%         2
 Lesser Beckoning         Tloc           14%        N/A       34%         3
 Summon Small Mammal      Summ           12%        N/A       58%         1
 Anguish                  Hex/Necr       5%         N/A       88%         4
 Ice Form                 Ice/Tmut       9%         N/A       94%         4
 Summon Ice Beast         Ice/Summ       9%         N/A       94%         4
 Manifold Assault         Tloc           14%        N/A       97%         5
 Alistair's Intoxication  Tmut/Pois      7%         N/A       99%         5


Dungeon Overview and Level Annotations

Branches:
Dungeon (8/15)             Temple (1/1) D:5            Lair (5/5) D:8
  Swamp (1/4) Lair:3        Slime (0/5) Lair:5
  Snake: Lair:2-3    Spider: Lair:2-3

Altars:
Ashenzari
Cheibriados
Dithmenos
Fedhas
Gozag
Hepliaklqana
Kikubaaqudgha
Nemelex Xobeh
Okawaru
Qazlal
Ru
Trog
Uskayaw
Vehumet
Wu Jian
Xom
Yredelemnul

Shops:
D:5 [

Annotations:
D:5 exclusion: downstairs
D:6 exclusion: downstairs
D:7 Pikel
Lair:2 exclusion: downstairs
Lair:5 corrupted
Swamp:1 Roxanne


Innate Abilities, Weirdness & Mutations

You are surrounded by a mild repulsion field. (EV +2)
A demonic guardian rushes to your aid.
Your demonic aura often causes spilled blood to erupt in flames.
Your touch may inflict irresistible damage on your foes.


Message History

You block the tyrant leech's attack.
You hit the tyrant leech but do no damage.
The tyrant leech is severely wounded.
The tyrant leech bites you!!
The tyrant leech draws strength from your injuries!
You hit the tyrant leech.
You feel better.
The tyrant leech is almost dead.
You hit the tyrant leech but do no damage.
The tyrant leech is almost dead.
The tyrant leech bites you!!
The tyrant leech draws strength from your injuries!
You hit the tyrant leech.
The tyrant leech is almost dead.
The tyrant leech misses you.
Unknown command.
You block the tyrant leech's attack.
You closely miss the tyrant leech.
The tyrant leech is severely wounded.
You hit the tyrant leech.
You feel better.
The tyrant leech is almost dead.
The tyrant leech bites you!
The tyrant leech draws strength from your injuries!
You hit the tyrant leech.
You feel better.
The tyrant leech is almost dead.
You block the tyrant leech's attack.
You hit the tyrant leech but do no damage.
The tyrant leech is severely wounded.
The tyrant leech completely misses you.
You barely miss the tyrant leech.
The tyrant leech is severely wounded.
You hit the tyrant leech.
The tyrant leech is almost dead.
The tyrant leech bites you!!
* * * LOW HITPOINT WARNING * * *
A demonic guardian appears!
The tyrant leech draws strength from your injuries!
You hit the tyrant leech but do no damage.
The tyrant leech is severely wounded.
The tyrant leech bites you!
You die...

##..................
♣~.
#....#...##.......#
♣..
##.......####.....##
.... #...#...##
#.....# ..#.
####....# ##.....# #
#P ##....## #......#
... ####...###
#.4.#### ...
#..P....# #...# ...
##...#### ##w@## D.
##...P# #.☼.# ..
#.##### ##### ##.#
#.# ###


You could see a tyrant leech (ally target) and a friendly orange demon
(summoned).

Vanquished Creatures
  Kirke (Lair:4)
  Sonja (Lair:4)
  A lindwurm (Lair:5)
  2 cyclopes
  2 black mambas
  An elephant (Lair:2)
  An unseen horror (D:8)
  12 cane toads
  Psyche (D:8)
  4 komodo dragons
  3 rime drakes
  Grinder (D:3)
  A polar bear (Lair:4)
  2 dream sheep (Lair:5)
  22 blink frogs
  26 yaks
  3 wyverns
  4 basilisks
  A human (Lair:4)
  A steam dragon (D:8)
  8 vampire mosquitoes
  Menkaure (D:6)
  8 water moccasins
  6 sky beasts
  2 black bears
  2 orc warriors (D:8)
  3 ogres
  2 centaurs
  3 phantoms
  A lemure (D:7)
  2 kobold brigands
  A gnoll sergeant (D:8)
  22 bullfrogs
  2 necrophages
  2 scorpions (D:6)
  8 wights
  7 killer bees (D:8)
  2 electric eels (Lair:5)
  A vampire bat (D:5)
  4 howler monkeys
  5 orc priests
  3 hounds
  4 jellies
  2 gnoll boudas
  7 orc wizards
  Ijyb (D:3)
  Natasha (thrice) (D:3)
  5 iguanas
  7 gnolls
  8 adders
  A shadow imp (D:5)
  2 white imps (D:7)
  4 ufetubi
  3 worms
  3 dart slugs
  3 fire bats (D:5)
  29 orcs
  2 spectral bats (D:5)
  13 bats
  3 bat skeletons (D:5)
  A bat zombie (D:5)
  4 endoplasms
  A giant cockroach (D:4)
  3 goblins
  4 hobgoblins
  11 jackals
  A quokka (D:2)
  8 ball pythons
  A bat simulacrum (D:5)
  5 frilled lizards
  15 kobolds
  7 rats
346 creatures vanquished.

Vanquished Creatures (collateral kills)
  A skeletal warrior (D:8)
  2 elephants (Lair:2)
  A black mamba (Lair:4)
  A komodo dragon (Lair:5)
  4 blink frogs (Lair:5)
  4 yaks (Lair:4)
  2 vampire mosquitoes
  A kobold brigand (D:8)
  A necrophage (D:8)
  2 bullfrogs
  A wight (D:5)
  2 adders
  A shadow imp (D:5)
  An orc (D:6)
  A kobold (D:8)
25 creatures vanquished.

Vanquished Creatures (others)
  4 death yaks (Lair:5)
  6 elephants (Lair:5)
  A black mamba (Lair:5)
  4 cane toads (Lair:5)
  A komodo dragon (Lair:5)
  2 tyrant leeches (Lair:5)
  3 blink frogs
  A wyvern (Lair:5)
  3 yaks (Lair:5)
  6 humans (Lair:4)
  A basilisk (Lair:5)
  2 water moccasins (Lair:5)
  A bullfrog (Lair:5)
  3 electric eels (Lair:5)
  A howler monkey (D:8)
  7 hell rats (Lair:5)
  A butterfly (Lair:5)
  73 fungi
  152 plants
  6 starspawn tentacles (Lair:5)
278 creatures vanquished.

Grand Total: 649 creatures vanquished

Notes
Turn   | Place    | Note
-------+----------+-------------------------------------------
     0 | Abyss:1  | Acheron the Demonspawn Abyssal Knight began the quest for
                  | the Orb.
     0 | Abyss:1  | Reached XP level 1. HP: 18/18 MP: 2/2
   111 | Abyss:3  | Noticed a large abomination
   145 | Abyss:4  | Noticed a starcursed mass
   160 | Abyss:4  | Noticed a thrashing horror
   160 | Abyss:4  | Noticed a small abomination
   162 | D:1      | Escaped the Abyss
   308 | D:2      | Found a snail-covered altar of Cheibriados.
   409 | D:1      | Reached ** piety under Lugonu
   440 | D:2      | Reached skill level 1 in Dodging
   719 | D:1      | Gained mutation: You are surrounded by a mild repulsion
                  | field. (EV +2) [demonic ancestry]
   719 | D:1      | Reached XP level 2. HP: 24/24 MP: 3/3
   923 | D:1      | Gained mutation: Your touch may inflict minor irresistible
                  | damage on your foes. [demonic ancestry]
   923 | D:1      | Reached XP level 3. HP: 27/29 MP: 3/5
  1003 | D:1      | Reached skill level 1 in Stealth
  1216 | D:2      | Learned a level 2 spell: Ensorcelled Hibernation
  1300 | D:3      | Noticed Grinder
  1301 | D:3      | Paralysed by Grinder for 5 turns
  1368 | D:2      | Found a faded altar of an unknown god.
  1685 | D:3      | Noticed Ijyb
  1719 | D:3      | Killed Ijyb
  1720 | D:3      | Reached skill level 3 in Invocations
  1720 | D:3      | Reached XP level 4. HP: 32/35 MP: 6/6
  1918 | D:4      | Learned a level 1 spell: Apportation
  2038 | D:4      | Noticed a phantom
  2163 | D:5      | Entered Level 5 of the Dungeon
  2163 | D:5      | Noticed an ogre
  2188 | D:4      | Reached *** piety under Lugonu
  2352 | D:4      | Noticed an ogre
  2358 | D:4      | Gained mutation: A weak demonic guardian rushes to your
                  | aid. [demonic ancestry]
  2358 | D:4      | Reached XP level 5. HP: 41/41 MP: 7/7
  2374 | D:5      | Found a staircase to the Ecumenical Temple.
  2380 | D:5      | Reached skill level 1 in Evocations
  2383 | Temple   | Entered the Ecumenical Temple
  2752 | D:6      | Noticed Menkaure
  2924 | D:5      | Gained mutation: A demonic guardian rushes to your aid.
                  | [demonic ancestry]
  2924 | D:5      | Reached XP level 6. HP: 45/47 MP: 8/8
  2939 | D:5      | Reached skill level 1 in Throwing
  2939 | D:5      | Reached skill level 1 in Hexes
  3014 | D:6      | Noticed a sky beast
  3286 | D:6      | Reached skill level 1 in Ice Magic
  3403 | D:6      | Noticed a +0 hand axe
  3403 | D:6      | Noticed a +0 hand axe
  3410 | D:6      | Found a hide-covered altar of Uskayaw.
  3550 | D:6      | Found a radiant altar of Vehumet.
  3626 | D:6      | Reached XP level 7. HP: 50/53 MP: 9/9
  3665 | D:5      | Reached skill level 1 in Translocations
  3665 | D:5      | Reached skill level 4 in Invocations
  4436 | D:5      | Gained mutation: Your demonic aura sometimes causes spilled
                  | blood to erupt in flames. [demonic ancestry]
  4436 | D:5      | Reached XP level 8. HP: 60/60 MP: 11/11
  4473 | D:5      | Reached **** piety under Lugonu
  4699 | D:5      | Reached skill level 1 in Spellcasting
  4726 | D:5      | Reached skill level 1 in Polearms
  4896 | D:5      | Found Luhil's Antique Armour Shoppe.
  5243 | D:6      | Reached skill level 5 in Invocations
  5646 | D:8      | Reached XP level 9. HP: 64/65 MP: 12/12
  6017 | D:8      | Noticed Psyche
  6369 | D:7      | Noticed Pikel
  6433 | D:6      | Killed Menkaure
  6536 | D:6      | Found an iron altar of Okawaru.
  6758 | D:6      | Noticed a cyclops
  6839 | D:6      | Killed a cyclops
  7033 | D:6      | Learned a level 1 spell: Necrotise
  7699 | D:3      | Paralysed by Grinder for 4 turns
  7703 | D:3      | Killed Grinder
  7704 | D:3      | Reached skill level 1 in Poison Magic
  7884 | D:3      | Noticed Natasha
  7887 | D:3      | Killed Natasha
  7986 | D:3      | Noticed Natasha
  7991 | D:3      | Killed Natasha
  8045 | D:3      | Noticed Natasha
  8051 | D:3      | Killed Natasha
  8103 | D:3      | Found a broken altar of Ashenzari.
  8103 | D:3      | Found an opulent altar of Gozag.
  8632 | D:7      | Reached ***** piety under Lugonu
  8633 | D:7      | Gained mutation: Your touch may inflict irresistible damage
                  | on your foes. [demonic ancestry]
  8633 | D:7      | Reached XP level 10. HP: 70/73 MP: 14/14
  8746 | D:7      | Found a shimmering altar of Xom.
  8875 | D:7      | Learned a level 3 spell: Frozen Ramparts
  9321 | D:7      | Reached skill level 6 in Invocations
  9692 | D:8      | Noticed a skeletal warrior
  9699 | D:8      | Killed Psyche
  9715 | D:8      | Killed a skeletal warrior
  9716 | D:8      | Reached skill level 5 in Fighting
  9740 | D:8      | Reached skill level 5 in Dodging
 10010 | D:8      | Identified the +1 ring mail of Tartarus {Drain Dex+5 SInv}
 10041 | D:8      | Identified the ring of Maotopraja {rF+ rN+ Dex+6}
 10236 | D:8      | Noticed a boulder beetle
 10249 | D:8      | Found a stormy altar of Qazlal.
 10635 | D:8      | Found a blossoming altar of Fedhas.
 11217 | D:8      | Noticed a cyclops
 11231 | D:8      | Killed a cyclops
 11232 | D:8      | Gained mutation: Your demonic aura often causes spilled
                  | blood to erupt in flames. [demonic ancestry]
 11232 | D:8      | Reached XP level 11. HP: 54/80 MP: 16/16
 11239 | D:8      | Reached skill level 7 in Invocations
 11900 | D:8      | Found a staircase to the Lair.
 11906 | Lair:1   | Entered Level 1 of the Lair of Beasts
 12037 | Lair:1   | Reached skill level 5 in Armour
 12175 | Lair:1   | Noticed an eight-headed hydra
 12185 | Lair:2   | Noticed a seven-headed hydra
 12194 | Lair:1   | Found a hide-covered altar of Uskayaw.
 12262 | Lair:1   | Noticed a five-headed hydra
 12608 | Lair:2   | Banished a seven-headed hydra
 12609 | Lair:2   | Reached skill level 1 in Necromancy
 12654 | Lair:2   | Reached skill level 5 in Stealth
 12654 | Lair:2   | Reached skill level 1 in Shields
 12654 | Lair:2   | Reached skill level 5 in Evocations
 12947 | Lair:2   | Reached skill level 5 in Polearms
 13583 | Lair:3   | Noticed a four-headed hydra
 13757 | Lair:3   | Reached skill level 5 in Poison Magic
 13879 | Lair:3   | Noticed a six-headed hydra
 13889 | Lair:3   | Banished a six-headed hydra
 14088 | Lair:3   | Reached XP level 12. HP: 88/88 MP: 18/18
 14094 | Lair:3   | Found a staircase to the Swamp.
 14100 | Swamp:1  | Entered Level 1 of the Swamp
 14100 | Swamp:1  | Identified Roxanne's Incunable of the Ground
 14100 | Swamp:1  | Noticed Roxanne
 14116 | Lair:3   | Noticed a four-headed hydra
 14186 | Lair:5   | Entered Level 5 of the Lair of Beasts
 14434 | Lair:4   | Reached skill level 5 in Throwing
 14624 | Lair:4   | You fall into a shaft and drop 1 floor!
 14773 | Lair:5   | Reached skill level 8 in Invocations
 15293 | Lair:5   | Learned a level 3 spell: Spider Form
 15437 | Lair:5   | Noticed a death yak
 15447 | Lair:5   | Corrupted Lair:5
 15447 | Lair:5   | Noticed a starcursed mass
 15452 | Lair:5   | Killed a death yak
 15463 | Lair:5   | Killed a death yak
 15468 | Lair:5   | Killed a death yak
 15476 | Lair:5   | Killed a death yak
 15722 | Lair:5   | Reached skill level 5 in Ice Magic
 15833 | Lair:5   | Noticed a six-headed hydra
 15842 | Lair:5   | Found a staircase to the Slime Pits.
 16551 | Lair:4   | Noticed Kirke
 16567 | Lair:4   | Reached skill level 5 in Spellcasting
 16625 | Lair:4   | Killed Kirke
 16776 | Lair:4   | Reached XP level 13. HP: 55/95 MP: 20/20
 17078 | Lair:4   | Found the amulet of the Four Winds {rN+ Will+++ Clar}
 17393 | Lair:4   | Noticed Sonja
 17404 | Lair:4   | Killed Sonja
 18694 | Lair:3   | Slain by a tyrant leech

Illustrated notes

Levels and vault maps discovered:
D:1:      minmay_arrival_checkered_box, layout_rooms
D:2:      layout_rooms, hellmonk_ecumenical_altar_crossroads, basic_altar
D:3:      layout_basic, gammafunk_temple_overflow_elements, uniq_natasha,
          uniq_grinder, uniq_ijyb
D:4:      nicolae_BIG_FREAKIN_CUBE, layout_rooms, hangedman_decor_points
D:5:      minmay_thinvault, layout_rooms, minmay_temple_entry_proselytizer,
          serial_shops, shop, goddamned_bats
D:6:      layout_basic, overflow_temple_1_default, dancing_weapons_uskayaw,
          mainiacjoe_overflow_alcove_2, minmay_manual_mullet, uniq_menkaure
D:7:      layout_basic, kennysheep_little_box, kennysheep_generic_room_10,
          uniq_pikel
D:8:      minmay_the_grid_plus [minmay_the_grid_outer_circle,
          minmay_the_grid_tree, minmay_the_grid_slots,
          minmay_the_grid_tiny_cups, minmay_the_grid_prize_trominoes],
          layout_basic, grunt_qazlal_sundering, general_overflow_altar,
          grunt_lair_entry_orc_guard_hut, kennysheep_just_a_vault, uniq_psyche
Temple:   jpeg_temple_clearing
Lair:1:   layout_misc_corridors, basic_altar
Lair:2:   layout_regular_city, hellmonk_spider_entry_not_the_bees,
          grunt_forest_large_clearings
Lair:3:   layout_cave_pods, minmay_swamp_entry_worms, minivault_25,
          nicolae_lair_grazing_beasts [nicolae_sub_lair_graze_edge,
          nicolae_sub_lair_graze_edge, nicolae_sub_lair_graze_edge,
          nicolae_sub_lair_graze_edge], grunt_megastairs_4
Lair:4:   layout_concentric_octagons, beast_lair_carwin_1, uniq_kirke,
          uniq_sonja
Lair:5:   minmay_lair_end_frog_pond, layout_gridlike, dpeg_slime_entry_enclosed,
          dreamdust_gnoll_shepherd, lemuel_fruit_fields
Swamp:1:  layout_basic_swamp, infiniplex_staircase_pool, swamp_pool3,
          uniq_donald, uniq_roxanne

Skill      XL: |  1  2  3  4  5  6  7  8  9 10 11 12 13 |
---------------+----------------------------------------+-----
Dodging        | 1 2 3 4 5 6 7 |  7.0
Armour         | 2 3 4 5 6 |  6.2
Axes           | 2 3 |  3.7
Stealth        | 1 2 3 4 5 6 |  6.3
Invocations    | 3 4 5 6 7 8 |  8.5
Evocations     | 1 2 3 4 5 6 |  6.0
Throwing       | 1 2 3 4 5 |  5.6
Hexes          | 1 2 3 |  3.1
Ice Magic      | 1 2 3 4 5 |  5.4
Translocations | 1 2 3 4 |  4.5
Spellcasting   | 1 2 3 4 5 |  5.2
Polearms       | 2 3 4 5 6 |  6.9
Fighting       | 4 5 6 7 |  7.2
Poison Magic   | 1 3 5 6 |  6.6
Necromancy     | 2 3 |  3.5
Shields        | 1 3 |  3.5

Action                   |  1- 3 |  4- 6 |  7- 9 | 10-12 | 13-15 || total
-------------------------+-------+-------+-------+-------+-------++-------
Melee: Hand axe          |    90 |   105 |    26 |       |       ||   221
       Touch             |     7 |    28 |    91 |   150 |       ||   276
       Punch             |       |     2 |    11 |    11 |       ||    24
       Spear             |       |       |   385 |   646 |   150 ||  1181
Throw: Boomerang         |       |     3 |     2 |    43 |     8 ||    56
 Cast: Apportation       |       |       |       |     5 |     3 ||     8
       Spider Form       |       |       |       |     1 |       ||     1
Invok: Depart the Abyss  |     1 |       |       |       |       ||     1
       Banish            |       |       |       |     5 |       ||     5
       Bend Space        |       |       |       |     2 |       ||     2
       Corrupt           |       |       |       |     1 |       ||     1
Evoke: Wand              |     1 |     2 |     5 |     9 |     5 ||    22
       Lightning rod     |       |       |       |     1 |       ||     1
  Use: Scroll            |     2 |     9 |     3 |     9 |       ||    23
       Potion            |     4 |       |     2 |     3 |     1 ||    10
 Stab: Sleeping          |       |       |     6 |     8 |     1 ||    15
       Distracted        |       |       |     2 |     5 |       ||     7
Armor: Ring mail         |    24 |       |       |       |       ||    24
       Leather armour    |     1 |    26 |    85 |    94 |    14 ||   220
       Skin              |       |       |       |    32 |       ||    32
Dodge: Dodged            |    82 |    79 |   334 |   426 |    67 ||   988
Block: Kite shield       |       |       |       |    19 |    61 ||    80
